 Dungeon Crawl Stone Soup version 0.20.1-1-g8b1a95d (webtiles) character file.

602 equalderp2856 the Chopper (level 7, 0/54 HPs)
             Began as a Mummy Fighter on Oct 25, 2017.
             Slain by a bullfrog (5 damage)
             ... in a sewer.
             The game lasted 00:09:06 (4072 turns).

equalderp2856 the Chopper (Mummy Fighter)           Turns: 4072, Time: 00:09:06

Health: 0/54       AC:  6    Str: 19    XL:     7   Next: 18%
Magic:  9/9        EV:  7    Int: 10    God:
Gold:   247        SH: 10    Dex: 11    Spells: 9/9 levels left

rFire    x . .     SeeInvis .   a - +0 war axe
rCold    + . .     Gourm    .   c - +1 shield
rNeg     + + +     Faith    .   b - +0 scale mail
rPois    ∞         Spirit   .   (no helmet)
rElec    .         Reflect  .   (no cloak)
rCorr    .         Harm     .   (no gloves)
MR       .....                  (no boots)
Stlth    ..........             (no amulet)
Regen    0.2/turn               (no ring)
MPRegen  0.2/turn               (no ring)

@: about to teleport, very slightly contaminated
A: no food or potions, fire vulnerability, cold resistance 1, negative energy
resistance 3, torment resistance, unbreathing
a: no special abilities


You were in a sewer.
You were not hungry.

You visited 1 branch of the dungeon, and saw 6 of its levels.
You also visited: Sewer and Ossuary.

You collected 247 gold pieces.

Inventory:

Hand Weapons
 a - a +0 war axe (weapon)
Armour
 b - a +0 scale mail (worn)
 c - a +1 shield (worn)
Jewellery
 l - a +4 ring of intelligence {unknown}
 o - a cursed ring of teleportation {unknown}
Wands
 f - a wand of paralysis (0/24)
 k - a wand of digging (15/24)
Scrolls
 d - 2 scrolls of enchant armour
 e - a scroll of magic mapping
 h - a scroll of blinking
 i - a scroll of amnesia
 j - a scroll of identify
 m - a scroll of fear {unknown}
 n - a scroll of recharging {unknown}
 r - a scroll of immolation {unknown}
Potions
 q - a potion of heal wounds {unknown}
Books
 p - a book of Battle

   Spells                             Type                      Level
   a - Infusion                       Charms                       1
   b - Shroud of Golubria             Charms/Translocation         2
   c - Song of Slaying                Charms                       2
   d - Spectral Weapon                Hexes/Charms                 3
   e - Regeneration                   Charms/Necromancy            3


   Skills:
 + Level 4.1 Fighting
 * Level 4.8 Axes
 + Level 3.3 Armour
 + Level 1.0 Dodging
 + Level 3.3 Shields
 * Level 1.6 Spellcasting


You had 9 spell levels left.
You didn't know any spells.

Dungeon Overview and Level Annotations

Branches:
Dungeon (6/15)
 Temple: D:4-7

Altars:
Cheibriados
Dithmenos
Fedhas
Gozag
Trog
Yredelemnul

Shops:
D:4 *

Annotations:
D:5 Sigmund


Innate Abilities, Weirdness & Mutations

You do not eat or drink.
Your flesh is vulnerable to fire.
You are immune to poison.
Your flesh is cold resistant. (rC+)
You are immune to negative energy. (rN+++)
You are immune to unholy pain and torment.
You can survive without breathing.


Message History

You feel forgetful for a moment. The bullfrog hits you.
* * * LOW HITPOINT WARNING * * *
The bullfrog barely misses you.
Okay, then.
Evoke which item? (* to show all) (? for menu, Esc to quit)
Okay, then.
You can't drink.
Unknown command.
Blink to where?
Press: ? - help, Dir - move target cursor, p - bullfrog You are very lightly contaminated with residual magic.
As you read the scroll labeled PYTEBLODDO, it crumbles to dust.
It was a scroll of blinking.
As you read the scroll labeled TYV FOSACH, it crumbles to dust.
It is a scroll of identify.
g - a scroll of teleportation
As you read the scroll of teleportation, it crumbles to dust.
You feel strangely unstable. The bullfrog closely misses you.
The bullfrog hits you.
You die...

####≈≈≈.≈≈≈≈†≈.####
####≈.≈.†≈≈†≈≈≈.≈≈≈≈.####
##≈≈≈.≈≈≈#########≈≈.≈≈≈≈##
##..≈≈.####≈≈≈≈≈≈≈####.≈≈≈.##
#≈≈≈≈###≈≈≈≈≈≈≈≈≈≈≈≈†###≈.≈≈##
≈≈..##.≈≈.≈#######≈≈†.≈##≈.≈≈#
.≈≈##.≈≈.###≈≈≈≈≈###†≈.≈##≈≈≈##
.≈.#≈≈≈≈##≈≈≈≈≈.≈≈≈##≈≈≈.#≈≈≈.#
≈≈##≈≈†##≈≈≈.≈≈F@≈≈≈##..≈##≈†≈##
≈.#≈≈≈≈#≈≈≈≈..()$.≈≈≈#≈≈.≈#≈≈≈.#
≈≈#≈≈.≈#≈..≈≈≈...(.≈≈#≈≈.≈#≈≈.∩#
≈≈#≈..≈#≈≈≈≈≈≈.≈?≈≈≈≈#≈.≈≈#≈≈≈.#
≈≈##≈≈.##≈≈≈..≈≈≈.≈≈≈#≈.≈##≈≈≈##
≈≈≈#≈≈≈≈##≈≈≈≈≈≈≈†..≈#≈≈≈#≈≈.≈#
≈≈≈##≈≈≈.###≈≈≈≈≈#.≈##≈≈##≈≈≈##
≈≈≈≈##≈≈≈≈≈#######≈≈#≈≈##††.≈#
#≈≈.≈###≈.≈≈≈≈..†.≈##.≈#≈≈.≈##


You could see a bullfrog.

Vanquished Creatures
  A bullfrog (Sewer)
  A water moccasin zombie (Ossuary)
  2 scorpions
  A crimson imp (D:5)
  2 worker ants
  2 mummies (Ossuary)
  9 adders
  8 oozes
  5 adder zombies
  3 worms
  A dart slug (D:2)
  13 leopard geckos
  5 orcs
  4 bats
  9 giant cockroaches
  4 goblins
  9 hobgoblins
  4 kobolds
  A quokka (D:6)
  12 ball pythons
  12 frilled lizards
  6 hobgoblin zombies (Ossuary)
  2 kobold zombies (Ossuary)
  9 orc zombies (Ossuary)
  A quokka skeleton (D:4)
  10 rats
136 creatures vanquished.

Notes
Turn   | Place    | Note
-------+----------+-------------------------------------------
     0 | D:1      | equalderp2856 the Mummy Fighter began the quest for the Orb.
     0 | D:1      | Reached XP level 1. HP: 18/18 MP: 1/1
    66 | D:1      | Reached XP level 2. HP: 23/24 MP: 2/2
   696 | D:2      | Reached XP level 3. HP: 24/29 MP: 3/3
   851 | D:2      | Found a bloodstained altar of Trog.
  1145 | D:2      | Found a blossoming altar of Fedhas.
  1148 | D:2      | Reached XP level 4. HP: 33/37 MP: 4/4
  2078 | D:3      | Reached XP level 5. HP: 27/42 MP: 5/5
  2284 | D:4      | Found Gozag's Platinum Reserve.
  2316 | D:4      | Found an opulent altar of Gozag.
  2447 | D:4      | Found a shadowy altar of Dithmenos.
  2447 | D:4      | Found a basalt altar of Yredelemnul.
  2867 | D:5      | Entered Level 5 of the Dungeon
  2983 | D:5      | Found a snail-covered altar of Cheibriados.
  3006 | D:5      | Reached XP level 6. HP: 27/48 MP: 5/7
  3023 | D:5      | Noticed Sigmund
  3033 | D:5      | Reached skill level 1 in Spellcasting
  3153 | D:6      | Found a sand-covered staircase.
  3159 | Ossuary  | Entered an ossuary
  3569 | D:6      | Found a glowing drain.
  3581 | Sewer    | Entered a sewer
  3941 | Sewer    | Reached XP level 7. HP: 51/54 MP: 9/9
  4061 | Sewer    | Reached skill level 1 in Dodging
  4072 | Sewer    | Slain by a bullfrog

Skill      XL: |  1  2  3  4  5  6  7 |
---------------+----------------------+-----
Axes           | 2 3 4 |  4.8
Fighting       | 4 |  4.1
Armour         | 3 |  3.3
Shields        | 3 |  3.3
Spellcasting   | 1 |  1.6
Dodging        | 1 |  1.0

Action                   |  1- 3 |  4- 6 |  7- 9 || total
-------------------------+-------+-------+-------++-------
Melee: War axe           |   101 |   370 |    39 ||   510
Evoke: Wand              |       |       |     3 ||     3
  Use: Scroll            |       |     2 |     4 ||     6
Armor: Scale mail        |    62 |   166 |    28 ||   256
Dodge: Dodged            |    43 |   129 |    27 ||   199
Block: Shield            |    47 |   231 |    41 ||   319
